 Dungeon Crawl Stone Soup version 0.23-a0-143-g1adec7b (webtiles) character file.

2 corax the Skirmisher (level 1, -2/16 HPs)
             Began as a Mummy Wanderer on Sept 1, 2018.
             Slain by a kobold
             ... wielding a +0 whip
              (6 damage)
             ... on level 1 of the Dungeon.
             The game lasted 00:00:29 (47 turns).

corax the Skirmisher (Mummy Wanderer)                 Turns: 47, Time: 00:00:29

Health: -2/16      AC:  2    Str: 15    XL:     1   Next: 33%
Magic:  2/2        EV: 11    Int: 12    God:
Gold:   0          SH:  0    Dex: 10    Spells: 2/2 levels left

rFire    x . .     SeeInvis .   a - +2 falchion
rCold    + . .     Gourm    .   (no shield)
rNeg     + + +     Faith    .   d - +0 robe
rPois    ∞         Spirit   .   (no helmet)
rElec    .         Reflect  .   (no cloak)
rCorr    .         Harm     .   (no gloves)
MR       .....                  (no boots)
Stlth    +.........             (no amulet)
HPRegen  0.05/turn              (no ring)
MPRegen  0.08/turn              (no ring)

@: no status effects
A: no food or potions, fire vulnerability, cold resistance 1, negative energy
resistance 3, torment resistance, unbreathing
a: no special abilities


You were on level 1 of the Dungeon.
You were not hungry.

You visited 1 branch of the dungeon, and saw 1 of its levels.

Inventory:

Hand Weapons
 a - a +2 falchion (weapon)
Armour
 d - a +0 robe (worn)
Scrolls
 b - a scroll of identify {unknown}


   Skills:
 + Level 2.0 Fighting
 + Level 1.6 Long Blades
 + Level 1.0 Throwing
 + Level 1.0 Dodging
 + Level 1.4 Spellcasting
   Level 1.0 Conjurations
   Level 1.0 Poison Magic
   Level 1.0 Evocations


You had 2 spell levels left.
You didn't know any spells.
Your spell library contained the following spells:

 Spells                   Type           Power        Failure   Level  Hunger
 Sting                    Conj/Pois      #...         19%         1    N/A
 Animate Skeleton         Necr           N/A          28%         1    N/A
 Stone Arrow              Conj/Erth      #.....       56%         3    N/A
 Vampiric Draining        Necr           #.........   65%         3    N/A

Dungeon Overview and Level Annotations

Branches:
Dungeon (1/15)

Altars:


Innate Abilities, Weirdness & Mutations

You do not eat or drink.
Your flesh is vulnerable to fire.
You are immune to poison.
Your flesh is cold resistant. (rC+)
You are immune to negative energy. (rN+++)
You are immune to unholy pain and torment.
You can survive without breathing.


Message History

A bat comes into view.
The kobold throws a stone.
The stone misses you.
The kobold throws a stone.
The stone hits you.
Found a stone staircase leading down.
You see here a stone.
You hit the kobold but do no damage. The kobold barely misses you.
You riposte.
You barely miss the kobold. The kobold misses you.
You closely miss the kobold. The kobold closely misses you.
You closely miss the kobold. The kobold misses you.
You miss the kobold. The kobold hits you with a whip.
You are too injured to fight recklessly!
You are too injured to fight recklessly!
You are too injured to fight recklessly!
You are too injured to fight recklessly!
You are too injured to fight recklessly!
You barely miss the kobold. The kobold hits you with a whip.
* * * LOW HITPOINT WARNING * * *
You closely miss the kobold. The kobold hits you but does no damage.
The kobold hits you with a whip.
You die...

## .. ########### .#
......#...# .###
#####.#...# ..### #
#.#...######...##.#
#
#.#.....##..@K....#
#.##....##(.......#
#'#.(...............
#.(....(........#.#.
######...........>#
#............#
#............#
#............#
#....#####...


You could see a kobold.

Vanquished Creatures
  A bat (D:1)
  A frilled lizard (D:1)
  A kobold (D:1)
  A rat (D:1)
4 creatures vanquished.

Notes
Turn   | Place    | Note
-------+----------+-------------------------------------------
     0 | D:1      | corax the Mummy Wanderer began the quest for the Orb.
     0 | D:1      | corax set off with: a +2 falchion, a +0 robe
     0 | D:1      | Reached XP level 1. HP: 16/16 MP: 2/2
    47 | D:1      | Slain by a kobold

Vault maps used:
D:1:      onia_arrival_mini_maze_b, serial_curves, eino_curves_03,
          eino_curves_01, supply_closet_lemuel

Action                   || total
-------------------------++-------
Melee: Falchion          ||    11
Armor: Robe              ||     3
Dodge: Dodged            ||     7
       Rpst.: Falchion   ||     2

Table legend:
 A = Non-vault XP
 B = Vault XP
 C = Vault XP percentage of total XP
 D = Non-vault monster count
 E = Vault monster count
 F = Vault count percentage of total count
                 A         B        C        D         E       F
            +---------+---------+-------+---------+---------+-------
      Total |       4 |       0 |   0.0 |       4 |       0 |   0.0
            +---------+---------+-------+---------+---------+-------
        D:1 |       4 |       0 |   0.0 |       4 |       0 |   0.0
            +---------+---------+-------+---------+---------+-------
